Map: Dusk Towers

Players

IamDrizzt

  • Race: Protoss Protoss
  • League: Diamond

MorN - Winner!

  • Race: Terran Terran
  • League: Platinum

VOD

Have the link to the VOD?

Description

Time

  • Played on: Nov. 11, 2015, 9:30 p.m.
  • Length: 10:02
Show
View Real Time Build Order
Export as new Build Order

IamDrizzt Protoss 

Build Orders: Nexus First, Zealot Archon, Dark Templar Rush 

Get SALT Encoding   

  12  0:01  Probe (Chrono Boost)  
  13  0:11  Probe (Chrono Boost)  
  14  0:20  Pylon  
  14  0:22  Probe (Chrono Boost)  
  15  0:38  Probe (Chrono Boost)  
  16  0:49  Probe (Chrono Boost)  
  17  1:00  Nexus  
  17  1:10  Gateway  
  17  1:13  Probe (Chrono Boost)  
  17  1:17  Assimilator  
  18  1:24  Probe (Chrono Boost)  
  19  1:31  Gateway  
  19  1:34  Probe (Chrono Boost)  
  19  1:39  Pylon  
  20  1:45  Probe (Chrono Boost)  
  21  1:58  Cybernetics Core  
  21  2:01  Zealot  
  23  2:11  Assimilator  
  23  2:13  Probe (Chrono Boost)  
  24  2:17  Probe (Chrono Boost)  
  25  2:23  Probe (Chrono Boost)  
  25  2:28  Probe (Chrono Boost)  
  27  2:37  Adept  
  27  2:38  Adept  
  27  2:40  Probe x2 (Chrono Boost)  
  33  2:44  Pylon  
  33  2:53  Twilight Council, Probe (Chrono Boost)  
  33  2:56  Warp Gate  
  34  2:59  Probe (Chrono Boost)  
  36  3:05  Probe (Chrono Boost)  
  36  3:09  Probe (Chrono Boost)  
  37  3:16  Probe (Chrono Boost)  
  38  3:20  Probe (Chrono Boost)  
  38  3:26  Pylon  
  40  3:27  Probe (Chrono Boost)  
  40  3:30  Probe (Chrono Boost)  
  40  3:32  Dark Shrine  
  41  3:37  Probe (Chrono Boost)  
  41  3:39  Forge  
  43  3:41  Probe (Chrono Boost)  
  45  3:48  Mothership Core (Chrono Boost)  
  45  3:51  Probe (Chrono Boost), Assimilator  
  45  3:52  Assimilator  
  46  4:02  Probe (Chrono Boost)  
  47  4:03  Pylon  
  47  4:06  Probe (Chrono Boost)  
  48  4:13  Probe (Chrono Boost)  
  48  4:14  Photon Cannon  
  49  4:17  Probe (Chrono Boost)  
  49  4:18  Pylon  
  49  4:19  Photon Cannon  
  49  4:23  Probe (Chrono Boost)  
  51  4:28  Probe (Chrono Boost)  
  52  4:31  Gateway  
  52  4:35  Gateway  
  52  4:38  Protoss Ground Armor Level 1 (Chrono Boost)  
  52  4:41  Pylon  
  52  4:48  Blink  
  50  4:56  Probe x2 (Chrono Boost)  
  50  5:07  Pylon  
  50  5:15  Dark Templar x2  
  50  5:20  Probe x2  
  56  5:29  Gateway  
  56  5:32  Probe, Gateway  
  56  5:33  Sentry  
  59  5:36  Gateway  
  59  5:37  Probe  
  60  5:44  Probe  
  60  5:45  Dark Templar  
  63  5:51  Probe  
  63  5:56  Probe  
  63  5:57  Gateway  
  63  6:04  Probe  
  62  6:11  Dark Templar x2  
  62  6:18  Pylon  
  66  6:23  Protoss Ground Weapons Level 1 (Chrono Boost)  
  66  6:24  Dark Templar  
  68  6:27  Archon  
  68  6:29  Nexus  
  68  6:35  Pylon  
  68  6:36  Charge  
  68  6:37  Pylon  
  68  6:45  Dark Templar x2  
  68  6:46  Zealot x3  
  76  6:56  Zealot  
  78  7:07  Dark Templar x3, Zealot  
  84  7:13  Probe x2  
  86  7:23  Pylon  
  86  7:25  Probe x2, Pylon  
  88  7:34  Zealot  
  88  7:36  Zealot x4  
  95  7:42  Mothership Core, Probe  
  96  7:47  Stalker x3  
  100  8:00  Photon Cannon  
  100  8:02  Nexus  
  100  8:06  Dark Templar  
  100  8:07  Archon  
  100  8:12  Zealot x4  
  110  8:32  Photon Cannon  
  110  8:36  Pylon  
  110  8:44  Probe x2  
  105  8:49  Pylon  
  105  8:50  Pylon  
  97  8:56  Probe  
  98  9:04  Zealot x2, Pylon  
  98  9:05  Zealot  
  98  9:08  Probe  
  103  9:11  Zealot  
  103  9:12  Zealot x2  
  109  9:20  Probe  
  86  9:32  Probe  
  71  9:46  Nexus  
Show
View Real Time Build Order
Export as new Build Order

MorN Terran - Winner!

Build Orders: Command Center First (CC), MMM Bio 

Get SALT Encoding   

  12  0:00  SCV  
  13  0:12  SCV  
  14  0:19  Supply Depot  
  14  0:25  SCV  
  15  0:40  SCV  
  16  0:58  Command Center  
  16  1:04  SCV  
  17  1:14  Barracks  
  17  1:18  SCV  
  18  1:30  SCV  
  19  1:44  Refinery  
  19  1:45  SCV  
  20  1:57  SCV  
  20  1:58  Barracks  
  20  2:00  Barracks  
  21  2:14  Marine  
  22  2:16  Orbital Command  
  22  2:21  Orbital Command  
  22  2:44  SCV  
  22  2:46  Barracks Reactor  
  22  2:47  Barracks Tech Lab  
  22  2:48  SCV  
  22  2:49  Barracks Tech Lab  
  22  2:51  Refinery  
  24  2:56  SCV  
  25  3:01  Supply Depot, SCV  
  26  3:08  SCV  
  26  3:11  Marine  
  28  3:14  Marauder  
  28  3:16  SCV  
  30  3:21  SCV  
  30  3:24  Concussive Shells  
  31  3:28  SCV  
  31  3:29  Marine  
  31  3:30  Marine  
  31  3:32  Marauder  
  31  3:33  SCV  
  37  3:36  Supply Depot  
  37  3:40  SCV  
  38  3:43  Factory  
  38  3:45  SCV  
  38  3:48  Refinery  
  39  3:53  SCV  
  40  3:56  Marine x2  
  40  3:57  SCV, Marauder  
  45  4:03  Engineering Bay  
  45  4:08  Marauder  
  47  4:15  SCV x2, Stimpack  
  49  4:20  Supply Depot, Marauder  
  51  4:27  SCV x2, Starport  
  53  4:32  Factory Reactor  
  53  4:39  Marine  
  53  4:41  SCV x2, Marauder, Marine  
  59  4:59  Marauder, Marine  
  62  5:03  Combat Shields  
  62  5:17  Command Center  
  62  5:22  Supply Depot x2  
  62  5:23  Refinery  
  62  5:31  Terran Infantry Weapons Level 1  
  62  5:32  Missile Turret  
  62  5:37  Missile Turret  
  62  5:43  SCV x2, Medivac, Marine x4  
  62  5:44  Medivac  
  62  5:45  Factory Reactor  
  68  5:56  SCV x2  
  64  6:02  Marauder  
  66  6:08  SCV x2  
  66  6:10  Missile Turret  
  66  6:11  Marauder, Marine x2  
  70  6:13  Medivac  
  70  6:14  Medivac  
  76  6:20  SCV x2  
  78  6:25  Supply Depot  
  78  6:29  Marine x2  
  78  6:32  SCV x2  
  82  6:33  Orbital Command  
  82  6:41  Marauder  
  82  6:44  SCV x2  
  86  6:56  SCV x2  
  86  7:00  Supply Depot, Orbital Command  
  88  7:08  SCV, Marine x3  
  88  7:09  Marauder  
  88  7:12  Missile Turret  
  88  7:14  Barracks  
  94  7:16  Barracks  
  94  7:19  SCV  
  94  7:20  SCV  
  96  7:25  SCV  
  96  7:26  Marine x2  
  96  7:27  Marauder  
  96  7:28  Supply Depot  
  101  7:30  Marauder  
  101  7:31  SCV  
  101  7:32  SCV  
  93  7:55  Marine x2  
  93  7:56  Widow Mine x2, Marauder x2  
  95  8:04  Barracks Reactor, Barracks Tech Lab  
  95  8:05  SCV x2  
  97  8:09  Medivac x2  
  97  8:12  SCV  
  102  8:13  Marine  
  102  8:17  SCV x2, Marauder x2  
  102  8:18  Supply Depot  
  109  8:21  Armory  
  109  8:24  Engineering Bay, Widow Mine x2  
  113  8:30  Marine x2  
  115  8:36  Supply Depot  
  115  8:37  Marine  
  115  8:39  SCV, Marauder  
  115  8:40  Marauder  
  116  8:48  Marine x3  
  112  8:49  Marauder  
  112  8:50  SCV  
  112  8:51  SCV  
  112  8:52  Supply Depot  
  112  8:53  Widow Mine x2  
  112  8:55  Marine  
  121  9:00  Medivac  
  121  9:01  Marauder x2  
  128  9:06  Marine x2  
  130  9:10  SCV, Marauder  
  130  9:12  Refinery  
  130  9:13  Supply Depot  
  130  9:14  SCV, Refinery  
  134  9:21  Widow Mine x2  
  129  9:24  Marine  
  129  9:27  Marine x2  
  118  9:34  Marine x2  
  118  9:35  Marine  
  118  9:37  Marine  
  113  9:42  Marine  
  118  9:48  Barracks  
  118  9:50  Barracks  
  121  10:01  Barracks  
Tags
 
Add a new tag
Caveats
  • Supply blocks, unpowered buildings, or Contaminate may cause inaccurate times.
  • Supply counts are checked every 10 seconds.